 Dungeon Crawl Stone Soup version 0.27-a0-1193-g8631133539 (webtiles) character file.

Game seed: 11891464793533740794

23 EnegeticOcto the Magician (level 3, 0/25 HPs)
             Began as a Djinni Venom Mage on May 25, 2021.
             Was an Initiate of Gozag.
             Slain by a hound (5 damage)
             ... on level 4 of the Dungeon.
             The game lasted 00:02:45 (450 turns).

EnegeticOcto the Magician (Djinni Venom Mage)        Turns: 450, Time: 00:02:45

Health: 0/25       AC:  2    Str:  7    XL:     3   Next: 12%
Gold:   130        EV: 12    Int: 17    God:    Gozag SH:  0 Dex: 13

rFire    + + .     SeeInvis .   f - +1 dagger (venom)
rCold    x . .     Faith    .   (no shield)
rNeg     . . .     Spirit   .   a - +0 robe
rPois    ∞         Reflect  .   (no helmet)
rElec    .         Harm     .   (no cloak)
rCorr    .         Rampage  .   (no gloves)
Will     .....                  (boots unavailable)
Stlth    ++........             (no amulet)
HPRegen  0.08/turn              (no ring)
MPRegen  0.00/turn              (no ring)

@: flying
A: sickness immunity, fire resistance 2, cold vulnerability 1, float, innate
caster, hp casting, extra vitality 1
a: Renounce Religion, Potion Petition, Call Merchant, Bribe Branch


You were on level 4 of the Dungeon.
You worshipped Gozag.
Gozag was aware of your devotion.
You visited 1 branch of the dungeon, and saw 5 of its levels.

You collected 130 gold pieces.

Inventory:

Hand Weapons
 b - a +0 short sword of draining
   (You took it off a kobold on level 1 of the Dungeon)
 d - a +0 dagger of holy wrath
   (You took it off a goblin on level 1 of the Dungeon)
 f - a +1 dagger of venom (weapon)
   (You took it off a kobold on level 1 of the Dungeon)
Missiles
 e - 6 atropa-tipped darts
Armour
 a - a +0 robe (worn)
Scrolls
 c - a scroll of enchant weapon {unknown}
 h - a scroll of magic mapping {unknown}
Potions
 g - 3 potions of curing {unknown}


   Skills:
 - Level 2.1 Dodging
 - Level 1.5 Stealth
 + Level 3.2 Spellcasting


You couldn't memorise any spells.
You knew the following spells:

 Your Spells              Type           Power      Damage    Failure   Level
a - Sting                 Tmut/Pois      52%        1d5       4%          1
b - Poisonous Vapours     Pois/Air       26%        N/A       7%          2
c - Mephitic Cloud        Conj/Pois/Air  13%        N/A       14%         3
d - Ignite Poison         Fire/Tmut/Pois 13%        N/A       14%         3
e - Olgreb's Toxic Radia  Pois           13%        N/A       41%         4
f - Summon Small Mammal   Summ           52%        N/A       4%          1
Your spell library was empty.

Dungeon Overview and Level Annotations

Branches:
Dungeon (5/15)
 Temple: D:4-7

Altars:
Gozag


Innate Abilities, Weirdness & Mutations

You are immune to sickness and miasma.
You are immune to poison.
Your flesh is very heat resistant. (rF++)
You are vulnerable to cold. (rC-)
You float through the air rather than walking.
You learn spells naturally, not from books.
Your magical power is your life essence.
You have superior vitality. (+4 HP)


Message History

You kill the goblin!
The endoplasm hits you.
You have reached level 3!
Your experience leads to an increase in your attributes!
Increase (s)trength, (i)ntelligence, or (d)exterity?
You feel clever.
The power to cast Summon Small Mammal wells up from within.
Spell assigned to 'f'.
Casting: Sting (safe; 4% risk of failure)
Confirm with . or Enter, or press ? or * to list all spells.
The endoplasm closely misses you.
You swap places.
Your quokka barely misses the endoplasm.
The endoplasm hits your quokka but does no damage.
Your quokka bites the endoplasm.
The endoplasm dies!
Your quokka bites the orc.
The orc hits your quokka with a +0 dagger.
Your quokka barely misses the orc.
Your quokka bites the orc.
The orc dies!
You swap places.
You now have 95 gold pieces (gained 11).
You see here a +0 dagger.
You now have 101 gold pieces (gained 6).
You see here a +0 club.
You hear the slow rusting of a very distant drain.
Found a stone staircase leading down.
Found 19 stones.
You now have 111 gold pieces (gained 10).
Found 16 gold pieces.
You now have 127 gold pieces (gained 16).
Your quokka disappears in a puff of smoke!
A bat comes into view.
The bat closely misses you. The bat closely misses you.
You are too injured to fight recklessly!
The bat hits you but does no damage.
You are too injured to fight recklessly!
The bat barely misses you.
You are too injured to fight recklessly!
The bat hits you but does no damage.
You are too injured to fight recklessly!
You are too injured to fight recklessly!
You hit the bat.
The bat is severely wounded.
The bat barely misses you. The bat hits you but does no damage.
You hit the bat.
You kill the bat!
You now have 130 gold pieces (gained 3).
You hear the slow rusting of a very distant drain.
Found a scroll labelled UJUDWO REOX.
h - a scroll labelled UJUDWO REOX
(D) Dungeon
Where to? (Enter - D:3, ? - help)
There is a stone staircase leading down here.
You fly downwards.
There is a stone staircase leading up here.
Found a viscous yellow potion.
g - 3 viscous yellow potions (gained 1)
Found a stone staircase leading down.
(D) Dungeon
Where to? (Enter - D:4, ? - help)
There is a stone staircase leading down here.
You fly downwards.
A hound and an orc come into view.
The orc shouts!
You hear a bark!
There is a stone staircase leading up here.
Casting: Summon Small Mammal (safe; 4% risk of failure)
Confirm with . or Enter, or press ? or * to list all spells.
Aiming: Poisonous Vapours (safe; 7% risk of failure)
Press: ? - help, Dir - move target, f - hound
Aim: a hound (wandering, hasn't noticed you) Poisonous vapours surround the hound!
The hound is engulfed in poison gas.
The hound is poisoned.
Casting: Poisonous Vapours (safe; 7% risk of failure)
Confirm with . or Enter, or press ? or * to list all spells.
Aiming: Poisonous Vapours (safe; 7% risk of failure)
Press: ? - help, Dir - move target, f/p - hound
Aim: a hound (lightly wounded, poisoned) Poisonous vapours surround the hound!
The hound looks even sicker.
The hound bites you.
A hound comes into view.
The hound closely misses you.
You fly upwards.
There is a stone staircase leading down here.
Casting: Poisonous Vapours (safe; 7% risk of failure)
Confirm with . or Enter, or press ? or * to list all spells.
Aiming: Poisonous Vapours (safe; 7% risk of failure)
Press: ? - help, Dir - move target, f - hound
Aim: a hound (moderately wounded, very poisoned) Poisonous vapours surround the hound!
* * * LOW HITPOINT WARNING * * *
The hound is engulfed in poison gas.
The hound looks even sicker.
The hound bites you.
* * * LOW HITPOINT WARNING * * *
The hound is engulfed in poison gas.
The hound looks as sick as possible!
The hound bites you.
You die...
Your body crumbles into a pile of gold.

#..####.#.# #..
#...#.# #..##.###.#
#..#......##### .#
#...............
...#..........#####
#............#
####....h##..#
........@.....#
....#.#######.# .##
#. .# # .# $


You could see a hound (extremely poisoned).

Vanquished Creatures
  2 bats
  An endoplasm (D:2)
  A giant cockroach (D:1)
  3 goblins
  2 hobgoblins
  3 kobolds (D:1)
  A quokka (D:1)
  2 ball pythons (D:1)
  2 frilled lizards (D:1)
  3 rats
20 creatures vanquished.

Vanquished Creatures (collateral kills)
  An orc (D:3)
  An endoplasm (D:3)
2 creatures vanquished.

Grand Total: 22 creatures vanquished

Notes
Turn   | Place    | Note
-------+----------+-------------------------------------------
     0 | D:1      | EnegeticOcto the Djinni Venom Mage began the quest for the
                  | Orb.
     0 | D:1      | Reached XP level 1. HP: 15/15 MP: 0/0
    97 | D:1      | Reached XP level 2. HP: 17/21 MP: 0/0
   156 | D:1      | Reached skill level 3 in Spellcasting
   163 | D:1      | Found a faded altar of an unknown god.
   171 | D:1      | Became a worshipper of Gozag Ym Sagoz the Greedy
   340 | D:3      | Reached XP level 3. HP: 9/25 MP: 0/0
   340 | D:3      | Learned a level 1 spell: Summon Small Mammal
   445 | D:5      | Entered Level 5 of the Dungeon
   450 | D:4      | Slain by a hound

Illustrated notes

Levels and vault maps discovered:
D:1:      psy_arrival_fountain, layout_loops_ring, ebering_ecumenical_altar_mist
D:2:      layout_loops_ring, serial_shops, shop, uniq_natasha
D:3:      kennysheep_six_static_rooms, layout_basic, gup_sewer_entry_bowl,
          corexii_leaking_fountain, minmay_checkerbox
D:4:      layout_basic, minmay_temple_entry_wispy
D:5:      layout_cave_pools, grunt_temple_overflow_holy_war,
          pdpol_wu_jian_five_deadly_venoms

Skill      XL: |  1  2 |
---------------+-------+-----
Spellcasting   | 3 |  3.2
Dodging        | |  2.1
Stealth        | |  1.5

Action                   || total
-------------------------++-------
Melee: Short sword       ||    16
       Dagger            ||     6
 Cast: Sting             ||    16
       Poisonous Vapours ||     3
       Summon Small Mamm ||     1
Armor: Robe              ||     6
Dodge: Dodged            ||    19

Table legend: (Time is in decaauts)
 A = Elapsed time spent in this place.
 B = Non-inter-level travel time spent in this place.
 C = Inter-level travel time spent in this place.
 D = Time resting spent in this place.
 E = Time spent auto-exploring this place.
 F = Levels seen in this place.
 G = Mean time per level.
                   A        B        C        D        E       F      G
               +--------+--------+--------+--------+--------+-----+--------+
         Total |    450 |    437 |     13 |      0 |      0 |   5 |   90.0 |
       Dungeon |    450 |    437 |     13 |      0 |      0 |   5 |   90.0 |
               +--------+--------+--------+--------+--------+-----+--------+

Top non-repeatable levels by time:
     D:1: 218 daAuts
     D:3: 124 daAuts
     D:2: 86 daAuts
     D:4: 16 daAuts
     D:5: 3 daAuts
